 Dungeon Crawl Stone Soup version 0.26.1-11-gd32895ea62 (webtiles) character file.

Game seed: 9903506590262332396

88294 infcreate the Carver (level 16, -24/198 HPs)
             Began as a Human Berserker on May 24, 2021.
             Was the Champion of Trog.
             Annihilated by a titanic slime creature (74 damage)
             ... on level 14 of the Dungeon.
             The game lasted 01:56:01 (28161 turns).

infcreate the Carver (Human Berserker)             Turns: 28161, Time: 01:56:02

Health: -24/198    AC: 40    Str: 26    XL:     16   Next: 40%
Magic:  16/16      EV: 15    Int:  5    God:    Trog [******]
Gold:   1717       SH:  5    Dex: 15    Spells: 15/15 levels left

rFire    + + +     SeeInvis +   U - +8 great sword "Banisher" {freeze, rElec rF+ rN++}
rCold    + . .     Faith    .   (shield currently unavailable)
rNeg     + + .     Spirit   .   B - +10 plate armour
rPois    .         Reflect  +   Q - +2 helmet {SInv}
rElec    +         Harm     .   a - +1 cloak of Bayprast {rF++ rC+ Will- Str+3}
rCorr    .         Rampage  .   (no gloves)
Will     +++..                  m - +2 pair of boots
Stlth    ..........             T - amulet of reflection
HPRegen  1.43/turn              D - ring "Ejani" {rElec Will+ Int-4} (curse)
MPRegen  0.15/turn              O - +4 ring of protection

@: berserking, regenerating, studying Armour, very quick
A: agile 1
a: Renounce Religion, Berserk, Trog's Hand, Brothers in Arms


You were on level 14 of the Dungeon.
You worshipped Trog.
Trog was exalted by your worship.
You visited 3 branches of the dungeon, and saw 22 of its levels.
You also visited: Bailey.

You collected 2031 gold pieces.
You spent 314 gold pieces at shops.


Innate Abilities, Weirdness & Mutations

You are agile. (Dex +2)


   Skills:
 * Level 13.6 Fighting
 * Level 13.6 Long Blades
 * Level 10.7 Crossbows
 + Level 13.6 Armour
 * Level 13.5 Dodging


You had 15 spell levels left.
You didn't know any spells.
Your spell library was empty.

Inventory:

Hand Weapons
 G - a +3 triple sword
 I - a +4 scimitar of flaming
 N - a +0 arbalest
 U - the +8 great sword "Banisher" (weapon) {freeze, rElec rF+ rN++}
   (You took it off a human on level 13 of the Dungeon)

   It has been specially enchanted to freeze those struck by it, causing extra
   injury to most foes and up to half again as much damage against particularly
   susceptible opponents.
   It can also slow down cold-blooded creatures.
   It protects you from fire.
   It insulates you from electricity.
   It greatly protects you from negative energy.
Missiles
 y - 3 throwing nets {=f}
 F - 123 bolts
Armour
 a - the +1 cloak of Bayprast (worn) {rF++ rC+ Will- Str+3}
   (You found it on level 4 of the Lair of Beasts)

   It affects your strength (+3).
   It greatly protects you from fire.
   It protects you from cold.
   It affects your willpower, your defense against some magical effects.
 m - a +2 pair of boots (worn)
 t - a +0 plate armour of willpower
 B - a +10 plate armour (worn)
 Q - a +2 helmet of see invisible (worn)
Jewellery
 g - an uncursed amulet of regeneration
 C - an uncursed ring of ice
 D - the cursed ring "Ejani" (left hand) {rElec Will+ Int-4}
   (You found it on level 6 of the Lair of Beasts)

   [ring of intelligence]

   It affects your intelligence (-4).
   It insulates you from electricity.
   It affects your willpower, your defense against some magical effects.
   It has a curse placed upon it.
 O - a +4 ring of protection (right hand)
 R - an uncursed ring of resist corrosion
 T - an amulet of reflection (around neck)
 W - an uncursed ring of magical power
Wands
 f - a wand of disintegration (13)
 q - a wand of acid (4)
 w - a wand of enslavement (12)
 x - a wand of polymorph (25)
 E - a wand of iceblast (20)
 K - a wand of random effects (31)
 L - a wand of flame (25)
Scrolls
 c - 20 scrolls of teleportation {@r4}
 h - 6 scrolls of immolation
 l - 2 scrolls of identify {@r1}
 n - 8 scrolls of remove curse {@r2}
 s - 4 scrolls of blinking
 v - a scroll of fog
 H - a scroll of fear
 P - a scroll of silence {!r}
 S - a scroll of enchant weapon
Potions
 b - 6 potions of curing {@q1}
 d - 6 potions of lignification
 i - 2 potions of heal wounds {@q2}
 j - a potion of invisibility
 k - 3 potions of attraction
 o - a potion of cancellation
 p - 3 potions of flight
 r - 3 potions of haste {@q3}
 u - 7 potions of ambrosia
 z - 3 potions of resistance
 J - a potion of mutation {unknown}
 M - a potion of berserk rage {unknown}
Books
 e - a manual of Armour {!d}

Dungeon Overview and Level Annotations

Branches:
Dungeon (14/15)            Temple (0/1) D:7            Lair (6/6) D:10
  Swamp (0/4) Lair:3        Snake (0/4) Lair:4        Slime (0/5) Lair:5
    Orc (2/2) D:11            Elf (0/3) Orc:2        Vaults (0/5) D:13
 Bailey (visited)

Altars:
Okawaru
Qazlal
Ru
Uskayaw
Vehumet
Beogh

Shops:
D:7 !   Orc:2 (=[*(

Annotations:
Lair:5 1 runed translucent door, Heitsale's ghost, journeyman PaFi

#.....####.#########.
#...<....#.#.......#.
#.....##.#.#....##.#.
#.....##.#.#...###.#.
########.#.#......(#.
#####.#.##..#####.
#.....#.....# #.
#(#####..##.# #. #@#
#.(..##.#####.
#######J###(#.###.......
JC..J.YzO...#.# #..#####
.J##....D......# #..#....
z.##....(#########.....##
#.##..)..'.....#......##
#z##...(.#####.#....#.#
#####..#.....(.....######.###
...#..#....(####....>......#


You could see a five-headed hydra, a titanic slime creature, an ice beast, an
ogre and a wight.


Message History

The titanic slime creature is severely wounded.
The titanic slime creature hits you!!!
* * * LOW HITPOINT WARNING * * *
You are too injured to fight recklessly!
Use which ability? (? or * to list)
Your skin crawls.
You feel strong-willed.
The titanic slime creature barely misses you.
You riposte.
You slash the titanic slime creature! You freeze the titanic slime creature.
The titanic slime creature is severely wounded.
Use which ability? (? or * to list)
A red film seems to cover your vision as you go berserk!
You feel yourself moving faster!
You feel mighty! The titanic slime creature hits you!!
* * * LOW HITPOINT WARNING * * *
A five-headed hydra comes into view.
Unknown command.
You are too injured to fight recklessly!
You are too injured to fight recklessly!
You are too injured to fight recklessly!
You are too injured to fight recklessly!
You slice the titanic slime creature!! You freeze the titanic slime creature!
The titanic slime creature is almost dead.
The titanic slime creature hits you.
* * * LOW HITPOINT WARNING * * *
You barely miss the titanic slime creature.
The titanic slime creature is almost dead.
The titanic slime creature hits you!!!!
You die...

Skill      XL: |  1  2  3  4  5  6  7  8  9 10 11 12 13 14 15 |
---------------+----------------------------------------------+-----
Armour         | 3 4 5 7 8 9 10 11 12 13 | 13.6
Dodging        | 3 4 5 6 8 9 10 11 12 13 | 13.5
Fighting       | 4 5 6 7 8 9 10 11 12 13 | 13.6
Long Blades    | 4 5 6 7 8 9 10 11 12 13 | 13.6
Crossbows      | 2 5 7 9 10 | 10.7

Action                   |  1- 3 |  4- 6 |  7- 9 | 10-12 | 13-15 | 16-18 || total
-------------------------+-------+-------+-------+-------+-------+-------++-------
Melee: Falchion          |   130 |    45 |    24 |   394 |       |       ||   593
       Long sword        |       |   130 |   269 |       |       |       ||   399
       Scimitar          |       |       |       |   232 |  1433 |       ||  1665
       Great sword       |       |       |       |       |    35 |   146 ||   181
 Fire: Arbalest          |       |       |       |       |     2 |       ||     2
Invok: Berserk           |       |     2 |     4 |    10 |     4 |     2 ||    22
       Trog's Hand       |       |       |     2 |       |       |     1 ||     3
  Use: Scroll            |     1 |     3 |     8 |    19 |    13 |     2 ||    46
       Potion            |       |       |     2 |       |     1 |       ||     3
Armor: Scale mail        |     4 |       |       |       |       |       ||     4
       Chain mail        |    71 |   118 |   100 |       |       |       ||   289
       Plate armour      |       |       |    58 |   313 |   802 |    81 ||  1254
       Skin              |       |       |    21 |       |       |       ||    21
Dodge: Dodged            |    58 |    72 |   109 |   271 |   953 |    87 ||  1550
Block: Other             |       |       |       |       |       |    22 ||    22
       Reflection        |       |       |       |       |       |     9 ||     9
       Rpst.: Falchion   |    13 |     6 |     2 |    54 |       |       ||    75
       Long sword        |       |    19 |    38 |       |       |       ||    57
       Scimitar          |       |       |       |    26 |   255 |       ||   281
       Great sword       |       |       |       |       |    11 |    21 ||    32

Levels and vault maps discovered:
D:1:      psy_arrival_dodecagon, layout_basic
D:2:      layout_rooms, chequers_ecumenical_altar_simple, uniq_robin
D:3:      layout_basic, serial_forest, infiniplex_forest_straight_2,
          infiniplex_forest_clump_small, infiniplex_forest_zigzag_2,
          infiniplex_forest_corner_1, infiniplex_forest_clump_curved,
          infiniplex_forest_lined_3_way, infiniplex_forest_corner_2,
          ebering_ghost_inner_flame, minmay_misc_feat_more_columns
D:4:      layout_gridville
D:5:      layout_basic, uniq_sigmund
D:6:      layout_cave_pods, old_standard_altar
D:7:      layout_loops_cross, minmay_temple_entry_junction, enter_bailey_8,
          serial_shops, shop, serial_bayou, serial_bayou_lagoon_a,
          serial_bayou_crossing, serial_bayou_pond_e,
          eino_small_chamber_without_monster
D:8:      layout_cave_pools, lemuel_coloured_pillars_altar,
          nicolae_qazlal_style_of_elements, uniq_harold
D:9:      layout_loops_corners, vehumet_statue, lemuel_round_altar,
          nzn_ghost_randoct, basic_altar, nrook_loot_triangle,
          patterned_corridor
D:10:     layout_roguey, lair_entry_dummy, nicolae_underground_beach, uniq_erica
D:11:     layout_long_grid, minmay_orc_entry_temple_small, minivault_1,
          uniq_erolcha
D:12:     layout_basic, special_room [special_room_orc]
D:13:     layout_rooms, ximxim_vaults_locker_room, uniq_jorgrun
D:14:     layout_basic, minmay_splitting_lines
Lair:1:   layout_cave_pods, chequers_serial_rivers_micro_d
Lair:2:   layout_regular_city, chequers_serial_rivers_marsh
Lair:3:   layout_roguey [special_room_bee], swamp_mist_pool
Lair:4:   layout_roguey, minmay_snake_entry_six_corridors, wad_woods_river_01
Lair:5:   layout_concentric_octagons, minmay_slime_entry_pillars,
          ebering_ghost_funeral_grove
Lair:6:   grunt_lair_end_beastmaster, layout_long_grid
Orc:1:    layout_caves, guppyfry_library_mini
Orc:2:    st_orc_congregation, layout_caves, serial_shops,
          nicolae_shop_statue_plus, elf_legates

Notes
Turn   | Place    | Note
-------+----------+-------------------------------------------
     0 | D:1      | infcreate the Human Berserker began the quest for the Orb.
     0 | D:1      | Reached XP level 1. HP: 18/18 MP: 1/1
   390 | D:1      | Reached XP level 2. HP: 15/24 MP: 2/2
  1162 | D:2      | Reached XP level 3. HP: 29/29 MP: 3/3
  1374 | D:1      | Reached ** piety under Trog
  1658 | D:2      | Reached XP level 4. HP: 35/35 MP: 4/4
  1745 | D:2      | Found a faded altar of an unknown god.
  1806 | D:2      | Noticed Robin
  1827 | D:2      | Killed Robin
  2430 | D:3      | Reached XP level 5. HP: 41/41 MP: 5/5
  2479 | D:3      | Found a runed translucent door.
  2479 | D:3      | Noticed Raspi's ghost (amateur MfGl)
  2510 | D:3      | Reached skill level 3 in Armour
  2629 | D:3      | Reached skill level 3 in Dodging
  3278 | D:4      | Reached *** piety under Trog
  3755 | D:5      | Entered Level 5 of the Dungeon
  3977 | D:5      | Reached skill level 4 in Fighting
  3977 | D:5      | Reached skill level 4 in Long Blades
  3977 | D:5      | Reached XP level 6. HP: 48/48 MP: 6/6
  3985 | D:5      | Noticed an ogre
  4000 | D:5      | Killed an ogre
  4180 | D:5      | Noticed a phantom
  4181 | D:5      | Noticed Sigmund
  4221 | D:5      | Killed Sigmund
  4222 | D:5      | Reached skill level 4 in Armour
  4222 | D:5      | Reached skill level 4 in Dodging
  4222 | D:5      | Reached XP level 7. HP: 55/55 MP: 7/7
  4823 | D:5      | Reached skill level 5 in Fighting
  4823 | D:5      | Reached skill level 5 in Long Blades
  5328 | D:6      | Reached XP level 8. HP: 57/62 MP: 8/8
  5578 | D:6      | Found a sacrificial altar of Ru.
  5801 | D:6      | Reached skill level 5 in Armour
  5801 | D:6      | Reached skill level 5 in Dodging
  6376 | D:7      | Found a flagged portal.
  6385 | Bailey   | Entered a bailey
  6568 | Bailey   | Noticed an orc knight
  6571 | Bailey   | Noticed an orc sorcerer
  6585 | Bailey   | Killed an orc sorcerer
  6586 | Bailey   | Reached skill level 6 in Fighting
  6586 | Bailey   | Reached skill level 6 in Long Blades
  6586 | Bailey   | Reached XP level 9. HP: 69/69 MP: 9/9
  6592 | Bailey   | Killed an orc knight
  6593 | Bailey   | Reached skill level 6 in Armour
  6593 | Bailey   | Reached skill level 6 in Dodging
  6602 | Bailey   | Noticed a kobold demonologist
  6607 | Bailey   | Noticed a sixfirhy
  6611 | Bailey   | Noticed a red devil
  6613 | Bailey   | Identified 3 potions of resistance
  6613 | Bailey   | HP: 7/71 [red devil/+0 trident[a kobold demonologist] (3)]
  6620 | Bailey   | HP: 8/106 [sixfirhy[a kobold demonologist] (3)]
  6622 | Bailey   | Killed a kobold demonologist
  6907 | Bailey   | Found an iron altar of Okawaru.
  7022 | Bailey   | Reached **** piety under Trog
  7160 | Bailey   | Reached skill level 7 in Long Blades
  7165 | Bailey   | Reached skill level 7 in Fighting
  7324 | Bailey   | Noticed an orc knight
  7350 | Bailey   | Killed an orc knight
  7351 | Bailey   | Reached skill level 7 in Armour
  7351 | Bailey   | Reached XP level 10. HP: 79/79 MP: 10/10
  7479 | Bailey   | Reached skill level 7 in Dodging
  7485 | Bailey   | Noticed an orc knight
  7507 | Bailey   | Killed an orc knight
  7837 | Bailey   | Noticed an orc knight
  7857 | Bailey   | Killed an orc knight
  8154 | D:7      | Reached skill level 8 in Long Blades
  8217 | D:7      | Reached skill level 8 in Fighting
  8334 | D:7      | Found Iklae's Distillery.
  8370 | D:7      | Acquired a manual of Armour
  8473 | D:7      | Found a staircase to the Ecumenical Temple.
  9070 | D:7      | Reached skill level 8 in Armour
  9096 | D:7      | Reached skill level 8 in Dodging
  9266 | D:8      | Noticed Harold
  9481 | D:8      | Found a hide-covered altar of Uskayaw.
  9551 | D:7      | Reached XP level 11. HP: 75/87 MP: 11/11
  9607 | D:8      | Killed Harold
  9864 | D:8      | Found a stormy altar of Qazlal.
 10125 | D:9      | Found a hide-covered altar of Uskayaw.
 10287 | D:9      | Noticed Arcadio's ghost (journeyman HOAK)
 10504 | D:3      | Killed Raspi's ghost
 10956 | D:9      | Found an iron altar of Okawaru.
 10976 | D:9      | Found a transporter.
 11003 | D:9      | Found a transporter.
 11098 | D:9      | Found a radiant altar of Vehumet.
 11193 | D:9      | Reached ***** piety under Trog
 11194 | D:9      | Reached skill level 9 in Long Blades
 11293 | D:10     | Entered Level 10 of the Dungeon
 11323 | D:10     | Reached skill level 9 in Fighting
 11366 | D:10     | Reached skill level 9 in Armour
 11405 | D:10     | Found a staircase to the Lair.
 11439 | D:10     | Received a gift from Trog
 11546 | D:10     | Reached skill level 9 in Dodging
 11777 | D:10     | Reached skill level 1 in Crossbows
 12378 | D:10     | Noticed Erica
 12399 | D:10     | Killed Erica
 12422 | D:10     | Reached skill level 2 in Crossbows
 12594 | D:10     | Noticed a two-headed ogre
 12615 | D:10     | Killed a two-headed ogre
 12693 | D:10     | Noticed a fire dragon
 12704 | D:10     | Killed a fire dragon
 12950 | D:11     | Reached XP level 12. HP: 91/97 MP: 12/12
 13019 | D:11     | Found a staircase to the Orcish Mines.
 13045 | D:11     | Reached skill level 3 in Crossbows
 13171 | D:11     | Found a roughly hewn altar of Beogh.
 13247 | D:11     | Noticed a two-headed ogre
 13262 | D:11     | Killed a two-headed ogre
 13485 | D:11     | Noticed a two-headed ogre
 13494 | D:11     | Killed a two-headed ogre
 13495 | D:11     | Reached skill level 10 in Long Blades
 13499 | D:11     | Reached skill level 10 in Fighting
 13757 | D:11     | Noticed Erolcha
 13785 | D:11     | Killed Erolcha
 13786 | D:11     | Reached skill level 4 in Crossbows
 13786 | D:11     | Reached skill level 10 in Armour
 13907 | Lair:1   | Entered Level 1 of the Lair of Beasts
 13986 | Lair:1   | Reached skill level 10 in Dodging
 14026 | Lair:1   | Noticed a four-headed hydra
 14035 | Lair:1   | Killed a one-headed hydra
 14175 | Lair:1   | Noticed a five-headed hydra
 14191 | Lair:1   | Killed a one-headed hydra
 14201 | Lair:1   | Noticed a catoblepas
 14326 | Lair:1   | Killed a catoblepas
 14474 | Lair:1   | Reached skill level 5 in Crossbows
 15115 | Lair:2   | Received a gift from Trog
 15160 | Lair:2   | Reached XP level 13. HP: 86/104 MP: 13/13
 15991 | Lair:3   | Noticed an eight-headed hydra
 15999 | Lair:3   | Killed a two-headed hydra
 16242 | Lair:3   | Found a staircase to the Swamp.
 16302 | Lair:3   | Reached skill level 6 in Crossbows
 16314 | Lair:3   | Reached skill level 11 in Long Blades
 16519 | Lair:3   | Reached skill level 11 in Fighting
 16862 | Lair:3   | Reached skill level 11 in Armour
 17153 | Lair:4   | Reached skill level 11 in Dodging
 17288 | Lair:4   | HP: 9/106 [death yak (2)]
 17289 | Lair:4   | HP: 2/106 [death yak (7)]
 17291 | Lair:4   | Noticed an eight-headed hydra
 17657 | Lair:3   | Killed a three-headed hydra
 17658 | Lair:3   | Reached skill level 7 in Crossbows
 17785 | Lair:4   | Got a smoking cloak
 17787 | Lair:4   | Identified the +1 cloak of Bayprast {rF++ rC+ Will- Str+3}
                  | (You found it on level 4 of the Lair of Beasts)
 17846 | Lair:4   | Found a staircase to the Snake Pit.
 18544 | Lair:4   | Received a gift from Trog
 18575 | Lair:4   | Reached XP level 14. HP: 92/113 MP: 14/14
 18661 | Lair:4   | Got a jewelled chain mail
 18662 | Lair:4   | Identified the cursed +0 chain mail "Pugon" {rF- rN+ Int+2}
                  | (You found it on level 4 of the Lair of Beasts)
 18885 | Lair:5   | Found a staircase to the Slime Pits.
 19080 | Lair:5   | Found a runed translucent door.
 19086 | Lair:5   | Noticed Heitsale's ghost (journeyman PaFi)
 19091 | Lair:5   | Identified the +12 trident of Dismay {protect, rC+ Will+
                  | SInv}
 19609 | Lair:6   | Entered Level 6 of the Lair of Beasts
 19878 | Lair:6   | Reached skill level 8 in Crossbows
 19882 | Lair:6   | Reached skill level 12 in Long Blades
 20144 | Lair:6   | Reached skill level 12 in Fighting
 20168 | Lair:6   | Reached skill level 12 in Armour
 20361 | Lair:5   | Reached skill level 12 in Dodging
 20553 | Lair:6   | Received a gift from Trog
 21222 | Lair:6   | Reached skill level 9 in Crossbows
 21269 | Lair:6   | Noticed a dire elephant
 21287 | Lair:6   | Reached XP level 15. HP: 122/122 MP: 15/15
 21446 | Lair:6   | Got a heavily runed golden ring
 21659 | Orc:1    | Entered Level 1 of the Orcish Mines
 21892 | D:9      | Identified the cursed ring "Ejani" {rElec Will+ Int-4} (You
                  | found it on level 6 of the Lair of Beasts)
 21903 | D:9      | Killed Arcadio's ghost
 22500 | Orc:2    | Entered Level 2 of the Orcish Mines
 23057 | Orc:2    | Noticed an orc warlord
 23203 | Orc:1    | Killed an orc warlord
 23332 | Orc:2    | Reached ****** piety under Trog
 23332 | Orc:2    | Received a gift from Trog
 23333 | Orc:2    | Gained mutation: You are agile. (Dex +2) [a neqoxec]
 23486 | Orc:2    | Identified a +2 robe of resistance
 23616 | Orc:1    | Paralysed by an orc sorcerer for 7 turns
 24259 | Orc:2    | Reached skill level 13 in Long Blades
 24641 | Orc:1    | Reached skill level 13 in Fighting
 24799 | Orc:2    | Found Gaddenip's General Store.
 24800 | Orc:2    | Found Kimedem's Jewellery Shoppe.
 24802 | Orc:2    | Found Lisas's Antique Armour Shoppe.
 24802 | Orc:2    | Found Peemmym's Antique Weapon Emporium.
 24815 | Orc:2    | Bought a scroll of enchant armour for 112 gold pieces
 24823 | Orc:2    | Bought a runed helmet for 202 gold pieces
 24958 | Orc:2    | Found Buloatehov's Weapon Shop.
 25030 | Orc:2    | Found a staircase to the Elven Halls.
 25081 | Orc:2    | Reached skill level 13 in Armour
 25094 | Orc:2    | Noticed an orc warlord
 25109 | Orc:2    | Killed an orc warlord
 25110 | Orc:2    | Reached skill level 13 in Dodging
 25124 | Orc:2    | Identified the +4 scimitar of Xaot Kac {vorpal, Int+2
                  | Dex+2}
 25150 | Orc:2    | Reached skill level 10 in Crossbows
 26674 | D:12     | Received a gift from Trog
 27003 | D:13     | Reached XP level 16. HP: 127/131 MP: 16/16
 27401 | D:13     | Identified the +8 great sword "Banisher" {freeze, rElec rF+
                  | rN++}
 27405 | D:13     | Noticed Jorgrun
 27445 | D:13     | Killed Jorgrun
 27519 | D:13     | Found a gate to the Vaults.
 27957 | D:14     | Received a gift from Trog
 28161 | D:14     | Annihilated by a titanic slime creature

Vanquished Creatures
  Jorgrun (D:13)
  2 orc warlords
  A dire elephant (Lair:6)
  A fire dragon (D:10)
  3 vault guards (D:13)
  Harold (D:8)
  The ghost of Arcadio the Protected, a journeyman HOAK of Lugonu (D:9)
  Erolcha (D:11)
  6 hydras
  2 catoblepae
  3 centaur warriors
  Erica (D:10)
  13 death yaks
  4 two-headed ogres
  A deep troll shaman (Lair:6)
  5 orc high priests
  A deep elf knight (Orc:2)
  An unseen horror (D:14)
  A lindwurm (Lair:4)
  3 deep elf magi (Orc:2)
  3 ugly things
  11 orc knights
  7 orc sorcerers
  A manticore (D:12)
  A cyclops (D:14)
  11 elephants (Lair:6)
  2 centaur zombies (D:10)
  An ice statue (D:9)
  5 black mambas (Lair:4)
  8 cane toads
  6 komodo dragons
  A kobold demonologist (Bailey)
  2 rime drakes
  4 trolls
  A meliai (shapeshifter) (D:11)
  A queen bee (Lair:3)
  2 polar bears
  7 blink frogs
  5 slime creatures
  Sigmund (D:5)
  A shadow (D:12)
  58 yaks
  A vampire (D:14)
  8 humans (D:13)
  4 water elementals (D:10)
  3 wyverns
  5 basilisks
  2 vampire mosquitoes (D:10)
  2 steam dragons
  16 water moccasins
  2 ice beasts
  4 black bears
  51 orc warriors
  A necrophage (D:9)
  2 sky beasts
  16 ogres
  7 wolves
  3 phantoms
  The ghost of Raspi the Poker, an amateur MfGl (D:3)
  15 centaurs
  14 bullfrogs
  A scorpion (D:5)
  29 killer bees
  7 electric eels
  14 wights
  A howler monkey (D:7)
  2 quasits
  2 bullfrog skeletons
  3 hounds
  3 centaur skeletons
  A gnoll shaman (D:7)
  28 orc priests
  6 jellies
  37 orc wizards
  4 iguanas
  8 worker ants
  A statue (D:9)
  A killer bee zombie (D:6)
  A hound zombie (D:8)
  Robin (D:2)
  8 gnolls
  14 adders
  A howler monkey skeleton (D:8)
  A shadow imp (D:10)
  3 white imps
  2 ufetubi
  An ooze (D:3)
  2 adder skeletons
  2 worms
  3 dart slugs
  9 leopard geckos
  111 orcs
  A giant cockroach (D:1)
  14 hobgoblins
  20 jackals
  4 kobolds
  3 quokkas
  2 ball pythons
  5 bats
  5 frilled lizards
  25 goblins
  A jackal skeleton (D:5)
  A leopard gecko skeleton (D:5)
  7 rats
743 creatures vanquished.

Vanquished Creatures (collateral kills)
  A death yak (Lair:4)
  A yak (Lair:4)
2 creatures vanquished.

Vanquished Creatures (others)
  A human (D:13)
  An orc wizard (D:11)
  An adder skeleton (D:9)
  An adder zombie (D:9)
  18 fungi
  88 plants
110 creatures vanquished.

Grand Total: 855 creatures vanquished

Table legend: (Time is in decaauts)
 A = Elapsed time spent in this place.
 B = Non-inter-level travel time spent in this place.
 C = Inter-level travel time spent in this place.
 D = Time resting spent in this place.
 E = Time spent auto-exploring this place.
 F = Levels seen in this place.
 G = Mean time per level.
                   A        B        C        D        E       F      G
               +--------+--------+--------+--------+--------+-----+--------+
         Total |  28129 |  24858 |   3271 |   9447 |      0 |  23 | 1223.0 |
       Dungeon |  15501 |  13056 |   2445 |   3897 |      0 |  14 | 1107.2 |
          Lair |   7515 |   6858 |    657 |   2982 |      0 |   6 | 1252.5 |
  Orcish Mines |   3376 |   3208 |    168 |   1513 |      0 |   2 | 1688.0 |
        Bailey |   1735 |   1735 |      0 |   1055 |      0 |   1 | 1735.0 |
               +--------+--------+--------+--------+--------+-----+--------+

Top non-repeatable levels by time:
   Orc:1: 2182 daAuts
    D:10: 1783 daAuts
  Bailey: 1735 daAuts
  Lair:3: 1628 daAuts
     D:5: 1628 daAuts
    D:11: 1526 daAuts
  Lair:6: 1483 daAuts
     D:7: 1361 daAuts
     D:1: 1344 daAuts
  Lair:4: 1280 daAuts
   Orc:2: 1194 daAuts
  Lair:5: 1113 daAuts
     D:9: 1100 daAuts
     D:6: 1093 daAuts
  Lair:1: 1086 daAuts

Table legend:
 A = Non-vault XP
 B = Vault XP
 C = Vault XP percentage of total XP
 D = Non-vault monster count
 E = Vault monster count
 F = Vault count percentage of total count
                 A         B        C        D         E       F
            +---------+---------+-------+---------+---------+-------
      Total |   73412 |   52723 |  41.8 |     476 |     270 |  36.2
            +---------+---------+-------+---------+---------+-------
        D:1 |      41 |       0 |   0.0 |      19 |       0 |   0.0
        D:2 |      43 |      36 |  45.6 |      15 |      12 |  44.4
        D:3 |     136 |     115 |  45.8 |      20 |       1 |   4.8
        D:4 |      29 |       0 |   0.0 |       7 |       0 |   0.0
        D:5 |     528 |     231 |  30.4 |      17 |       1 |   5.6
        D:6 |     601 |       0 |   0.0 |      10 |       0 |   0.0
        D:7 |    1597 |       0 |   0.0 |      24 |       0 |   0.0
        D:8 |     518 |     997 |  65.8 |      21 |       1 |   4.5
        D:9 |     423 |    1986 |  82.4 |      16 |       9 |  36.0
       D:10 |    4047 |    1746 |  30.1 |      37 |       5 |  11.9
       D:11 |    3101 |    2339 |  43.0 |      17 |      22 |  56.4
       D:12 |    4253 |    1572 |  27.0 |      23 |      21 |  47.7
       D:13 |    4547 |    7824 |  63.2 |      24 |      12 |  33.3
       D:14 |    6743 |       0 |   0.0 |      29 |       0 |   0.0
     Lair:1 |    5926 |       0 |   0.0 |      17 |       0 |   0.0
     Lair:2 |    3461 |       0 |   0.0 |      15 |       0 |   0.0
     Lair:3 |    3135 |    3154 |  50.2 |      12 |      29 |  70.7
     Lair:4 |    8995 |    2019 |  18.3 |      24 |      12 |  33.3
     Lair:5 |    6577 |     588 |   8.2 |      23 |       4 |  14.8
     Lair:6 |   13070 |    7903 |  37.7 |      33 |      17 |  34.0
      Orc:1 |    3563 |    8932 |  71.5 |      38 |      38 |  50.0
      Orc:2 |    2078 |    9037 |  81.3 |      35 |      43 |  55.1
     Bailey |       0 |    4244 | 100.0 |       0 |      43 | 100.0
            +---------+---------+-------+---------+---------+-------
